 Dungeon Crawl Stone Soup version 0.31.0-9-g3a7656b989 (webtiles) character file.

Game seed: 11781960965264393392

59 qw the Shooter (level 3, 0/20 HPs)
             Began as a Deep Elf Hunter on Feb 2, 2024.
             Succumbed to their own poison gas
             ... on level 2 of the Dungeon.
             The game lasted 00:00:05 (1377 turns).

qw the Shooter (Deep Elf Hunter)                    Turns: 1377, Time: 00:00:05

Health: 0/20       AC:  6    Str: 10    XL:     3   Next: 78%
Magic:  5/5        EV: 11    Int: 13    God:
Gold:   146        SH:  0    Dex: 18    Spells: 2/2 levels left

rFire   . . .        a - +0 shortbow
rCold   . . .        (shield currently unavailable)
rNeg    . . .        i - +0 ring mail
rPois   .            (no helmet)
rElec   .            (no cloak)
rCorr   .            d - +0 pair of gloves
SInv    .            (no boots)
Will    .....        (no amulet)
Stlth   +            (no ring)
HPRegen 0.23/turn    (no ring)
MPRegen 0.09/turn

%: no passive effects
@: brilliant, lethally poisoned (0 -> -5), hasted, very quick
A: no striking features
a: no special abilities


You were on level 2 of the Dungeon.
You visited 1 branch of the dungeon, and saw 2 of its levels.

You collected 146 gold pieces.


   Skills:
 - Level 1.5 Fighting
 + Level 7.3 Ranged Weapons
 - Level 2.4 Dodging
 - Level 1.2 Stealth


You had 2 spell levels left.
You didn't know any spells.
Your spell library was empty.

Inventory:

Hand Weapons
 a - a +0 shortbow (weapon)
Armour
 d - a +0 pair of gloves (worn)
 i - a +0 ring mail (worn)
Scrolls
 e - a scroll of teleportation
Potions
 c - a potion of might {unknown}
 f - a potion of enlightenment {unknown}
 g - a potion of haste
 k - a potion of magic {unknown}

Dungeon Overview and Level Annotations

Branches:
Dungeon (2/15)

Altars:


Message History

Done exploring.
1368 ||| DROPPING 2 potions of brilliance.
You drop 2 potions of brilliance.
Done exploring.
What level of the Dungeon? (default 2, ? - help) Sorry, I don't know how to get there.
Enter note:
Enter note:
Enter note:
Enter note:
Enter note:
Enter note:
Enter note:
Enter note:
Enter note:
Enter note:
Enter note:
Enter note:
Enter note:
Enter note:
Enter note: You are engulfed in poison gas.
You are poisoned.
You feel very sick.
1370 ||| Stepping ~*~*~tactically~*~*~ (cloud).
You feel very sick.
You see here 2 potions of brilliance.
There is a lethal amount of poison in your body!
You feel sick.
There is a lethal amount of poison in your body!
You feel sick.
There is a lethal amount of poison in your body!
You feel sick.
There is a lethal amount of poison in your body!
You feel sick.
There is a lethal amount of poison in your body!
You feel sick.
There is a lethal amount of poison in your body!
You feel sick.
There is a lethal amount of poison in your body!
You die...

#.##.....[##.#
#.##.#
#.##.##.#.##.#
#.##.#
#.........##.#
#.##.#
#######.#.##.#
#.#### #.#.##<#
#..... #.#.##.#
###### #.#.##.# #
#########0#¤##¤####
#
#¤0¤0¤0@0000¤00...#
#
##############¤####
#.# #.# ###


There were no monsters in sight!

Vanquished Creatures
  An iguana (D:2)
  A ribbon worm (D:2)
  2 bats (D:1)
  An endoplasm (D:1)
  3 giant cockroaches (D:1)
  A hobgoblin (D:2)
  4 jackals (D:2)
  6 kobolds
  A quokka (D:1)
  5 ball pythons
  5 frilled lizards
  3 rats
33 creatures vanquished.

Notes
Turn   | Place    | Note
-------+----------+-------------------------------------------
     0 | D:1      | qw the Deep Elf Hunter began the quest for the Orb.
     0 | D:1      | Reached XP level 1. HP: 12/12 MP: 3/3
     0 | D:1      | 0 ||| qw: Version: 0.3-a-155-g5e7d8dd
     0 | D:1      | 0 ||| qw: Game counter: 1565
     0 | D:1      | 0 ||| qw: Melee chars always use a shield: true
     0 | D:1      | 0 ||| qw: God list: Okawaru
     0 | D:1      | 0 ||| qw: Allow faded altars: false
     0 | D:1      | 0 ||| qw: Do Orc after clearing Dungeon:15 true
     0 | D:1      | 0 ||| qw: Do second Lair branch before Depths: true
     0 | D:1      | 0 ||| qw: Lair rune preference: random
     0 | D:1      | 0 ||| qw: Goals: Normal
     0 | D:1      | 0 ||| PLANNING D:1-11
    78 | D:1      | Reached XP level 2. HP: 16/16 MP: 4/4
    80 | D:1      | Reached skill level 6 in Ranged Weapons
   596 | D:1      | 596 ||| UPGRADING to +0 ring mail.
   606 | D:1      | 606 ||| DROPPING +0 leather armour.
   607 | D:1      | 607 ||| READING scroll labelled OZOEVV ARGHIWITSO.
   636 | D:1      | 636 ||| READING 2 scrolls labelled SESTIHEWIE.
   639 | D:1      | 639 ||| READING scroll labelled JOBAXA ZAODUM.
   640 | D:1      | 640 ||| DRINKING 2 murky black potions.
   641 | D:1      | 641 ||| DROPPING scroll of butterflies.
   642 | D:1      | 642 ||| DROPPING potion of attraction.
   750 | D:2      | Reached skill level 7 in Ranged Weapons
   750 | D:2      | Reached XP level 3. HP: 13/20 MP: 5/5
  1359 | D:2      | 1359 ||| UPGRADING to +0 pair of gloves.
  1364 | D:2      | 1364 ||| READING scroll labelled ATZUYGUOSS.
  1365 | D:2      | 1365 ||| READING scroll labelled AGAEDY UXKEHE.
  1366 | D:2      | 1366 ||| DRINKING 2 bubbling pink potions.
  1367 | D:2      | 1367 ||| DRINKING 3 smoky orange potions.
  1368 | D:2      | 1368 ||| DROPPING 2 potions of brilliance.
  1370 | D:2      | 1370 ||| Stepping ~*~*~tactically~*~*~ (cloud).
  1372 | D:2      | HP: 5/20 [poisoned by you (poison gas)]
  1375 | D:2      | HP: 2/20 [poisoned by you (poison gas)]
  1377 | D:2      | Succumbed to their own poison gas

Levels and vault maps discovered:
D:1:      lightli_arrival_windingriver, layout_loops_cross
D:2:      layout_basic

Skill      XL: |  1  2 |
---------------+-------+-----
Ranged Weapons | 7 |  7.3
Fighting       | |  1.5
Dodging        | |  2.4
Stealth        | |  1.2

Action                     || total
---------------------------++-------
   Fire: Shortbow          ||    94
    Use: Scroll            ||     5
         Potion            ||     3
 Armour: Leather armour    ||    11
         Ring mail         ||     6
  Dodge: Dodged            ||    27

Table legend:
 A = Non-vault XP
 B = Vault XP
 C = Vault XP percentage of total XP
 D = Non-vault monster count
 E = Vault monster count
 F = Vault count percentage of total count
                 A         B        C        D         E       F
            +---------+---------+-------+---------+---------+-------
      Total |      85 |       0 |   0.0 |      33 |       0 |   0.0
            +---------+---------+-------+---------+---------+-------
        D:1 |      28 |       0 |   0.0 |      19 |       0 |   0.0
        D:2 |      57 |       0 |   0.0 |      14 |       0 |   0.0
            +---------+---------+-------+---------+---------+-------
